 Dungeon Crawl Stone Soup version 0.23.1 (webtiles) character file.

Game seed: 741937445075660806

16 Kairos the Skirmisher (level 2, 0/39 HPs)
             Began as a Formicid Abyssal Knight on Mar 4, 2019.
             Was an Initiate of Lugonu.
             Succumbed to a kobold's poison
             ... on level 1 of the Dungeon.
             The game lasted 00:05:10 (491 turns).

Kairos the Skirmisher (Formicid Abyssal Knight)      Turns: 491, Time: 00:05:10

Health: 0/39       AC: 21    Str: 16    XL:     2   Next: 75%
Magic:  3/3        EV:  2    Int: 16    God:    Lugonu [......]
Gold:   23         SH:  0    Dex:  8    Spells: 1/1 levels left

rFire    . . .     SeeInvis .   a - +1 spear
rCold    . . .     Gourm    .   (no shield)
rNeg     + + +     Faith    .   (armour currently unavailable)
rPois    +         Spirit   .   (helmet unavailable)
rElec    .         Reflect  .   (cloak currently unavailable)
rCorr    .         Harm     .   (gloves currently unavailable)
MR       .....                  (boots currently unavailable)
Stlth    +.........             (no amulet)
HPRegen  0.13/turn              (no ring)
MPRegen  0.08/turn              (no ring)

@: brilliant, lethally poisoned (0 -> -37), tree-form
A: permanent stasis, dig shafts and tunnels, four strong arms, clumsy 1, robust
1, no potion heal 1, MP-powered wands
a: Renounce Religion


You were on level 1 of the Dungeon.
You worshipped Lugonu.
Lugonu was noncommittal.
You were not hungry.
You were a tree.
You visited 1 branch of the dungeon, and saw 1 of its levels.
You visited the Abyss 1 time.

You collected 23 gold pieces.

Inventory:

Hand Weapons
 a - a +1 spear (weapon)
Armour
 d - a +1 scale mail (melded)
Wands
 h - a wand of flame (15)
Comestibles
 c - 2 rations


   Skills:
 + Level 3.6 Fighting
 + Level 2.4 Polearms
 + Level 2.3 Armour
 + Level 1.0 Dodging
 + Level 2.4 Invocations


You had one spell level left.
You didn't know any spells.
Your spell library contained the following spells:

 Spells                   Type           Power        Failure   Level  Hunger
 Corpse Rot               Necr           N/A          4%          2    ###....
 Sublimation of Blood     Necr           #.........   4%          2    ###....
 Agony                    Necr           #.......     52%         5    ######.
 Bolt of Draining         Conj/Necr      #.........   52%         5    ######.
 Dispel Undead            Necr           #.......     52%         5    ######.
 Excruciating Wounds      Chrm/Necr      #.........   52%         5    ######.


Dungeon Overview and Level Annotations

Branches:
Dungeon (1/15)

Altars:


Innate Abilities, Weirdness & Mutations

You cannot be hasted, slowed, berserked, paralysed or teleported.
You can dig through walls and to a lower floor.
Your four strong arms can wield two-handed weapons with a shield.
((You have a pair of large antennae on your head. (SInv)))
You are clumsy. (Dex -2)
You are robust. (+10% HP)
Potions are less effective at restoring your health.
You expend magic power (3 MP) to strengthen your wands.


Message History

* * * LOW HITPOINT WARNING * * *
You feel very sick. The bat closely misses you.
The bat hits you but does no damage.
You miss the bat.
* * * LOW HITPOINT WARNING * * *
You feel sick. The bat closely misses you.
Unknown command.
It was a potion of brilliance.
You feel clever all of a sudden.
* * * LOW HITPOINT WARNING * * *
You feel very sick. The bat closely misses you.
It was a potion of lignification.
You turn into a tree.
Your +1 scale mail melds into your body.
Your roots penetrate the ground.
* * * LOW HITPOINT WARNING * * *
You feel sick. The kobold hits you but does no damage.
You are more poisoned.
You barely miss the kobold.
You die...

... .# #.# #.## #.#
... #.# ..# .# #.#
#.# ..# .#.#.# ##.#
..# .#
.#.#.###..##).# .##
##..........♣KK.# ..
..##.#.###.###b.# .#
#.##.#.###.## ..# .#
#.##.#.##.#.##..#
.####.##..[..###....#
.....>.....##.#.##.##
)####......###.## .#
().................#
.).....#######.#####


You could see a bat and 2 kobolds.

Vanquished Creatures
  A dart slug (D:1)
  2 goblins (D:1)
  6 hobgoblins (D:1)
  2 kobolds (D:1)
  A rat (D:1)
12 creatures vanquished.

Notes
Turn   | Place    | Note
-------+----------+-------------------------------------------
     0 | Abyss:1  | Kairos the Formicid Abyssal Knight began the quest for the
                  | Orb.
     0 | Abyss:1  | Reached XP level 1. HP: 18/18 MP: 2/2
    18 | Abyss:2  | Found a corrupted altar of Lugonu.
    77 | Abyss:2  | Noticed a neqoxec
    81 | Abyss:2  | Noticed a starcursed mass
    96 | Abyss:2  | Gained mutation: You have sharp fingernails. [a neqoxec]
   118 | D:1      | Escaped the Abyss
   374 | D:1      | Reached XP level 2. HP: 9/24 MP: 3/3
   407 | D:1      | Lost mutation: You have sharp fingernails. [potion of
                  | mutation]
   407 | D:1      | Gained mutation: Potions are less effective at restoring
                  | your health. [potion of mutation]
   407 | D:1      | Gained mutation: You are clumsy. (Dex -2) [potion of
                  | mutation]
   407 | D:1      | Gained mutation: You are robust. (+10% HP) [potion of
                  | mutation]
   407 | D:1      | Gained mutation: You expend magic power (3 MP) to
                  | strengthen your wands. [potion of mutation]
   448 | D:1      | Reached skill level 1 in Dodging
   491 | D:1      | Succumbed to a kobold's poison

Skill      XL: |  1  2 |
---------------+-------+-----
Dodging        | 1 |  1.0
Fighting       | |  3.6
Polearms       | |  2.4
Armour         | |  2.3
Invocations    | |  2.4

Action                   || total
-------------------------++-------
Melee: Spear             ||    40
Invok: Depart the Abyss  ||     1
  Use: Scroll            ||     3
       Potion            ||     6
Armor: Leather armour    ||     1
       Scale mail        ||     9
       Skin              ||     1
Dodge: Dodged            ||    22
